Map: [ESL] Waterfall

Players

TIME (Oliveira) - Winner!

  • Race: Terran Terran

DPGJieShi (Jieshi)

  • Race: Protoss Protoss

Event: DreamHack SC2 Masters 2022 Atlanta (Online)

VOD

Have the link to the VOD?

Description

Time

  • Played on: Oct. 5, 2022, 8:07 a.m.
  • Length: 12:43

All games in this series

Show
View Real Time Build Order
Export as new Build Order

TIME Terran - Winner!

Build Orders: Gas First Reaper Expand 

Get SALT Encoding   

  12  0:00  SCV  
  13  0:12  SCV  
  14  0:17  Supply Depot  
  14  0:24  SCV  
  15  0:29  Refinery  
  15  0:38  SCV  
  16  0:45  Barracks  
  16  0:50  SCV  
  17  1:03  SCV  
  18  1:15  SCV  
  19  1:32  Reaper, Orbital Command  
  20  1:43  Command Center  
  20  1:53  Factory  
  20  1:57  SCV  
  21  2:06  Barracks Reactor  
  21  2:10  SCV  
  21  2:12  Refinery  
  21  2:14  Supply Depot  
  22  2:22  SCV  
  23  2:36  SCV  
  23  2:37  Hellion  
  26  2:40  Starport  
  26  2:44  Marine x2  
  26  2:48  SCV  
  29  2:55  Orbital Command  
  29  3:00  SCV, Widow Mine  
  29  3:03  Marine  
  29  3:04  Marine  
  34  3:12  SCV  
  35  3:16  Medivac  
  37  3:21  SCV, Marine  
  37  3:22  Factory Tech Lab, Marine  
  37  3:25  SCV  
  41  3:30  Supply Depot  
  41  3:33  SCV  
  42  3:37  SCV  
  43  3:42  Siege Tank  
  43  3:45  SCV  
  43  3:47  Starport Tech Lab  
  46  3:51  Marine x2  
  46  3:52  SCV  
  46  3:54  Supply Depot  
  49  3:57  SCV  
  50  4:04  SCV  
  50  4:09  Marine  
  52  4:10  Marine  
  52  4:14  SCV  
  52  4:16  SCV  
  50  4:19  Raven  
  51  4:25  Command Center  
  51  4:26  SCV  
  51  4:27  Marine  
  51  4:29  SCV  
  50  4:36  Siege Tank  
  50  4:37  Marine  
  50  4:38  SCV  
  53  4:41  SCV  
  53  4:42  Barracks  
  54  4:47  Marine  
  54  4:48  Barracks  
  54  4:51  SCV  
  56  4:53  SCV  
  56  4:54  Engineering Bay  
  56  4:57  Marine  
  58  5:02  Refinery x2  
  58  5:03  SCV  
  58  5:05  SCV, Marine  
  61  5:13  Supply Depot  
  61  5:15  SCV  
  61  5:19  Barracks  
  61  5:20  Barracks  
  62  5:22  Terran Infantry Weapons Level 1  
  62  5:26  Factory Reactor, Starport Reactor  
  62  5:34  SCV x2, Marine x2  
  62  5:35  Supply Depot  
  66  5:36  Stimpack, Marine  
  66  5:39  Orbital Command  
  66  5:41  Combat Shield  
  66  5:42  Marine  
  68  5:46  SCV x2  
  70  5:52  Marine x2  
  70  5:56  Marauder  
  74  5:58  SCV  
  74  5:59  Supply Depot  
  74  6:00  Orbital Command  
  74  6:01  SCV, Marauder  
  78  6:05  Medivac x2  
  78  6:09  Barracks Reactor, Barracks Tech Lab  
  78  6:10  SCV  
  83  6:12  Widow Mine  
  83  6:13  Widow Mine  
  83  6:14  Marine x2  
  83  6:17  SCV  
  90  6:23  SCV  
  91  6:26  SCV, Marauder x2  
  91  6:29  SCV  
  97  6:34  Marauder, Marine  
  97  6:35  SCV  
  97  6:37  Supply Depot  
  101  6:46  Supply Depot, SCV x2, Marine  
  108  6:47  Widow Mine x2  
  108  6:48  Supply Depot x2  
  108  6:53  Marine  
  109  6:58  Marine  
  109  6:59  SCV x2, Marauder  
  109  7:00  SCV  
  117  7:01  Marauder  
  117  7:08  Marauder, Marine x2  
  121  7:11  Supply Depot  
  121  7:12  Supply Depot, SCV  
  121  7:14  SCV x2  
  124  7:17  Marine  
  124  7:20  Marauder  
  126  7:23  Armory  
  126  7:24  Engineering Bay  
  126  7:27  Marine  
  126  7:28  SCV, Marauder  
  128  7:33  Viking  
  128  7:35  Viking  
  128  7:36  Marine  
  131  7:38  Widow Mine  
  131  7:39  Marine  
  131  7:41  SCV x2  
  136  7:44  Terran Infantry Armor Level 1  
  136  7:47  Marauder  
  136  7:48  Marauder  
  140  7:54  Supply Depot, Marine x3  
  140  7:56  Missile Turret  
  143  7:59  Widow Mine  
  143  8:00  SCV x2  
  143  8:01  SCV  
  143  8:02  Widow Mine  
  143  8:04  Marauder, Marine  
  153  8:07  Marine  
  153  8:10  Supply Depot  
  153  8:12  Supply Depot, Terran Infantry Weapons Level 2  
  154  8:14  Marauder  
  154  8:15  Supply Depot  
  154  8:16  Viking  
  154  8:18  Viking  
  154  8:19  Marine  
  161  8:20  Marine  
  162  8:29  SCV  
  162  8:30  SCV  
  162  8:31  Command Center  
  162  8:32  Marauder  
  162  8:33  Marauder  
  154  8:48  Marauder, Marine x2  
  147  8:56  Marine x2  
  147  8:57  Marauder  
  147  8:58  Viking  
  147  9:01  Marine  
  135  9:03  Medivac  
  135  9:04  Widow Mine  
  135  9:05  SCV x2, Marine x2  
  135  9:07  Ghost Academy, Refinery  
  135  9:08  Refinery  
  145  9:10  Marauder  
  145  9:11  Widow Mine  
  145  9:14  Marine x2  
  149  9:18  Marauder  
  149  9:19  Marine  
  149  9:20  Barracks  
  149  9:21  Barracks, Terran Ship Weapons Level 1  
  149  9:22  Barracks  
  149  9:23  Marine  
  149  9:33  Marine x3  
  149  9:34  Marauder  
  149  9:36  Marine  
  141  9:40  Marauder  
  141  9:41  Marine  
  141  9:44  Enhanced Shockwaves  
  137  9:48  Medivac x2  
  137  9:49  Widow Mine  
  137  9:50  Marine  
  137  9:52  Marine  
  142  9:54  Marine, Ghost  
  142  9:55  Marauder  
  142  9:56  Widow Mine  
  142  9:57  SCV x2  
  142  9:59  SCV  
  153  10:00  Ghost  
  153  10:05  Marine  
  156  10:08  Terran Infantry Armor Level 2  
  156  10:09  SCV  
  156  10:11  Barracks Reactor, Barracks Tech Lab x2  
  157  10:14  Marine  
  157  10:15  Marine  
  157  10:18  SCV x2  
  157  10:21  Planetary Fortress  
  157  10:22  Missile Turret  
  157  10:23  Missile Turret  
  157  10:25  Ghost  
  157  10:28  Reaper, Sensor Tower, Marauder  
  162  10:30  Marauder  
  162  10:31  Marauder  
  162  10:32  Marine x2  
  162  10:33  SCV x2  
  168  10:37  Marine  
  168  10:39  Bunker  
  169  10:48  Marine x3  
  174  10:50  Marauder  
  174  10:53  Viking  
  176  10:58  Refinery, Command Center  
  176  11:00  Refinery, Viking  
  176  11:02  Marauder  
  180  11:08  Missile Turret  
  180  11:09  Ghost  
  180  11:10  Missile Turret  
  182  11:13  Missile Turret, Ghost  
  183  11:28  Ghost x2  
  183  11:31  Viking  
  189  11:35  Viking  
  189  11:36  Marine x5  
  196  11:40  Supply Depot  
  196  11:43  Command Center  
  196  11:46  Starport  
  196  11:49  Fusion Core  
  196  12:01  Marine x2  
  192  12:24  Marine  
  192  12:25  Marine  
Show
View Real Time Build Order
Export as new Build Order

DPGJieShi Protoss 

Build Orders: 1 Gate Expand, Zealot Archon, Colossus Rush 

Get SALT Encoding   

  12  0:00  Probe  
  13  0:12  Probe  
  14  0:17  Pylon  
  14  0:24  Probe (Chrono Boost)  
  15  0:36  Gateway  
  15  0:37  Probe (Chrono Boost)  
  16  0:44  Probe (Chrono Boost)  
  16  0:45  Assimilator  
  17  0:51  Probe  
  18  1:03  Probe  
  19  1:15  Probe  
  20  1:25  Cybernetics Core  
  20  1:31  Nexus  
  20  1:38  Pylon  
  20  1:41  Probe  
  20  1:46  Assimilator  
  21  1:53  Probe  
  22  1:58  Stalker (Chrono Boost)  
  24  2:01  Warp Gate  
  24  2:05  Probe  
  25  2:17  Probe  
  25  2:19  Robotics Facility  
  26  2:28  Stalker (Chrono Boost)  
  26  2:29  Probe  
  29  2:43  Probe (Chrono Boost)  
  30  2:46  Probe (Chrono Boost)  
  30  2:50  Stalker  
  33  2:55  Gateway  
  33  2:57  Probe (Chrono Boost)  
  35  3:00  Probe (Chrono Boost)  
  35  3:02  Probe (Chrono Boost)  
  36  3:07  Observer (Chrono Boost)  
  36  3:08  Probe  
  36  3:10  Pylon  
  38  3:15  Probe  
  39  3:21  Probe  
  39  3:24  Observer (Chrono Boost)  
  39  3:25  Observer  
  41  3:27  Probe  
  41  3:33  Probe  
  43  3:39  Probe  
  44  3:49  Nexus  
  44  3:51  Observer, Probe  
  44  3:52  Pylon  
  44  3:53  Probe  
  44  3:54  Assimilator  
  47  3:56  Assimilator  
  47  3:57  Stalker  
  47  4:02  Stalker  
  51  4:05  Probe  
  52  4:15  Observer  
  50  4:19  Probe x2  
  50  4:21  Stalker  
  52  4:24  Robotics Bay  
  52  4:31  Probe x2  
  54  4:36  Observer  
  54  4:43  Probe  
  56  4:47  Twilight Council, Forge  
  56  4:50  Gateway  
  56  4:51  Immortal (Chrono Boost)  
  55  4:53  Observer  
  55  4:54  Probe, Gateway  
  55  4:58  Probe  
  61  5:06  Probe (Chrono Boost)  
  62  5:12  Probe (Chrono Boost)  
  62  5:17  Colossus (Chrono Boost), Probe (Chrono Boost)  
  62  5:18  Pylon  
  62  5:20  Charge (Chrono Boost), Observer  
  70  5:24  Protoss Ground Weapons Level 1, Probe (Chrono Boost)  
  70  5:27  Probe x2 (Chrono Boost)  
  72  5:29  Pylon  
  72  5:30  Extended Thermal Lance  
  72  5:32  Probe (Chrono Boost)  
  72  5:34  Probe  
  74  5:35  Probe  
  74  5:36  Observer  
  74  5:40  Pylon  
  75  5:44  Probe  
  75  5:46  Probe  
  75  5:48  Probe, Gateway  
  78  5:51  Observer  
  78  5:54  Gateway  
  78  5:59  Colossus (Chrono Boost), Pylon  
  78  6:03  Probe  
  85  6:05  Probe  
  85  6:09  Photon Cannon  
  85  6:10  Observer  
  86  6:13  Shield Battery  
  86  6:17  Templar Archives  
  86  6:22  Photon Cannon  
  86  6:23  Shield Battery  
  85  6:34  Zealot x2  
  85  6:35  Zealot  
  85  6:37  Pylon  
  85  6:38  Probe  
  92  6:40  Warp Prism (Chrono Boost)  
  92  6:45  Zealot x2  
  98  6:48  Pylon  
  98  6:49  Pylon  
  98  6:53  Pylon  
  98  6:56  High Templar x2  
  98  6:57  Zealot  
  98  6:58  Zealot  
  98  7:00  Blink (Chrono Boost)  
  98  7:01  Pylon  
  105  7:02  Archon  
  105  7:08  Zealot x2  
  105  7:12  Observer  
  110  7:18  Gateway  
  110  7:19  Gateway  
  110  7:21  Nexus  
  109  7:36  Zealot, High Templar x2  
  109  7:37  Zealot x3  
  115  7:38  Probe  
  115  7:43  Archon  
  118  7:48  Colossus (Chrono Boost)  
  118  7:49  Protoss Ground Armor Level 1 (Chrono Boost)  
  118  7:52  Nexus  
  118  7:54  Pylon  
  118  7:57  Probe x2  
  118  7:58  Zealot x3, Probe  
  129  7:59  Zealot, Pylon  
  135  8:06  Pylon  
  135  8:08  Pylon  
  135  8:12  Zealot x2  
  138  8:22  Pylon  
  138  8:25  Zealot x2  
  138  8:26  Zealot x4  
  150  8:35  Observer  
  113  8:54  Colossus (Chrono Boost), Probe  
  104  8:56  Zealot x6  
  104  8:57  Zealot x2  
  96  9:05  Probe x2  
  96  9:06  Probe x2  
  94  9:17  Probe  
  94  9:20  High Templar x2  
  94  9:21  Shield Battery  
  94  9:22  Zealot x3, High Templar x2  
  94  9:23  Zealot  
  111  9:24  Pylon  
  111  9:25  Archon  
  111  9:26  Archon  
  85  9:42  Zealot  
  85  9:43  Zealot x3  
  91  9:48  Colossus (Chrono Boost)  
  93  9:53  Stalker x2  
  93  9:55  Zealot, Stalker  
  101  10:03  Nexus  
  101  10:04  Zealot x3, Pylon  
  101  10:08  Zealot  
  101  10:23  Zealot, High Templar x2  
  101  10:24  Zealot x4  
  101  10:28  Gateway  
  115  10:29  Archon  
  115  10:31  Gateway  
  115  10:35  Shield Battery, Photon Cannon  
  115  10:37  Zealot  
  115  10:38  Warp Prism (Chrono Boost)  
  119  10:44  Photon Cannon, Stalker  
  119  10:45  Zealot x2, Stalker  
  127  10:54  Probe x3  
  127  10:56  Zealot x3  
  136  10:57  Zealot  
  138  11:05  Stalker x2  
  138  11:09  Colossus (Chrono Boost)  
  146  11:12  Zealot x2  
  146  11:15  Probe  
  146  11:17  Zealot x3  
  155  11:25  Stalker x2  
  155  11:26  Stalker  
  155  11:27  Probe  
  155  11:31  Probe, Assimilator  
  155  11:32  Probe  
  164  11:33  Zealot x2  
  164  11:34  Assimilator  
  168  11:43  Robotics Facility  
  168  11:46  Probe  
  169  11:47  Assimilator  
  169  11:48  Assimilator  
  169  11:52  Disruptor (Chrono Boost)  
  172  11:54  Zealot x3  
  172  11:55  Zealot x3  
  172  11:57  Zealot  
  172  11:58  Zealot, Probe  
  189  12:06  Stalker x2  
  193  12:15  Stalker x3  
  187  12:16  Zealot x2, Stalker  
  175  12:22  Zealot  
  175  12:23  Zealot  
  127  12:30  Zealot  
  127  12:31  Zealot  
Tags
 
Add a new tag
Caveats
  • Supply blocks, unpowered buildings, or Contaminate may cause inaccurate times.
  • Supply counts are checked every 10 seconds.